AoeStats
← jonafaca

Arena

510775864Analyzed
2v2 RM · 12h ago on Oct 2, 2026· 48m 54s· 4 players
Game mode
Random Map
Map size
Medium (4 player)
Population
200
Speed
Normal
Resources
Standard
Victory
Conquest
Starting age
Dark Age
Ending age
Imperial Age
RankedLock teamsTeams togetherTeam positionsShared explorationLock speedFull tech treeHidden civsTurbo modeCheats
Victory
Defeat
🇨🇳 Spanish · China
1010
+15
🇭🇰 Ethiopians · Hong Kong SAR China
973
+16
🇦🇷 Franks · Argentina
996
-16
🇦🇷 Japanese · Argentina
974
-32
Popeye
2:34 Loom
9:59 Feudal Age
15:39 Castle Age
14:55 Double-Bit Axe
17:32 Wheelbarrow
17:14 Bow Saw
21:20 Fletching
22:55 Horse Collar
30:21 Imperial Age
27:52 Bodkin Arrow
28:38 Heavy Plow
28:11 Crossbowman
29:38 Thumb Ring
29:38 Padded Archer Armor
30:01 Gold Mining
30:38 Hand Cart
32:47 Bracer
34:32 Chemistry
33:54 Ballistics
34:13 Gold Shaft Mining
33:56 Leather Archer Armor
33:46 Arbalester
35:10 Ring Archer Armor
35:16 Conscription
35:56 Forging
35:46 Scale Mail Armor
35:41 Elite Shotel Warrior
37:54 Iron Casting
40:45 Fortified Wall
40:46 Masonry
41:20 Royal Heirs
41:34 Squires
41:55 Chain Mail Armor
42:40 Blast Furnace
43:45 Plate Mail Armor
43:38 Halberdier
每天都打原神
10:35 Feudal Age
11:10 Double-Bit Axe
13:26 Wheelbarrow
17:37 Castle Age
15:49 Horse Collar
16:23 Stone Mining
18:28 Bow Saw
27:55 Gold Mining
36:17 Imperial Age
35:27 Stone Shaft Mining
34:54 Heavy Plow
34:59 Town Watch
35:33 Hand Cart
35:04 Loom
35:20 Fletching
36:06 Bloodlines
35:58 Husbandry
36:17 Scale Barding Armor
35:46 Light Cavalry
37:19 Conscription
38:15 Two-Man Saw
38:20 Chain Barding Armor
38:16 Forging
38:23 Hussar
39:20 Pikeman
42:06 Plate Barding Armor
43:42 Iron Casting
44:17 Elite Conquistador
46:10 Blast Furnace
48:48 Chemistry
48:49 Cavalier
^PenXpro_iWnL_^
11:02 Feudal Age
15:22 Castle Age
14:10 Stone Mining
14:09 Double-Bit Axe
16:57 Bow Saw
24:33 Forging
26:04 Scale Barding Armor
31:43 Imperial Age
29:16 Gold Mining
29:37 Scale Mail Armor
30:53 Husbandry
31:51 Chain Barding Armor
32:06 Iron Casting
31:47 Cavalier
32:45 Chain Mail Armor
35:17 Wheelbarrow
35:24 Conscription
35:10 Chivalry
35:16 Paladin
37:30 Gold Shaft Mining
38:03 Plate Barding Armor
38:30 Blast Furnace
41:02 Elite Throwing Axeman
jonafaca
11:24 Feudal Age
17:04 Castle Age
15:26 Gold Mining
15:33 Stone Mining
15:45 Double-Bit Axe
17:16 Horse Collar
19:34 Forging
19:28 Scale Mail Armor
24:33 Squires
23:54 Pikeman
26:40 Scale Barding Armor
26:54 Chain Mail Armor
28:19 Gold Shaft Mining
29:03 Wheelbarrow
34:27 Pikeman
35:08 Squires
38:24 Iron Casting
37:51 Padded Archer Armor
37:57 Yasama
45:39 Imperial Age
43:27 Fletching
46:00 Elite Samurai
49:46 Conscription
Connection lost

Rejoining the realm…

Still unreachable

The connection could not be restored.

Session expired

The server has moved on; the page needs a fresh start.